Map: Whispers of Gold

Players

wootwoot - Winner!

  • Race: Zerg Zerg
  • League: Diamond
  • Spawn Location: 5:00

ErzaScarllet

  • Race: Zerg Zerg
  • League: Diamond
  • Spawn Location: 9:00

VOD

Have the link to the VOD?

Description

Time

  • Played on: April 3, 2025, 1:13 a.m.
  • Length: 3:49
Show
View Real Time Build Order
Export as new Build Order

wootwoot Zerg - Winner!

Build Orders: Hatch First 

Get SALT Encoding   

  12  0:00  Drone  
  13  0:08  Drone  
  14  0:16  Drone, Extractor  
  15  0:36  Hatchery  
  15  0:38  Extractor  
  15  0:41  Drone  
  14  0:58  Spawning Pool  
  14  1:02  Drone  
  14  1:13  Overlord  
  14  1:44  Zergling x6, Metabolic Boost  
  17  1:48  Zergling x2  
  18  1:56  Queen  
  18  2:00  Zergling x2  
  21  2:04  Zergling x2  
  23  2:08  Zergling x2  
  23  2:16  Zergling x2  
  23  2:20  Overlord  
  24  2:26  Zergling x2  
  25  2:30  Zergling x2  
  25  2:35  Zergling x2  
  27  2:39  Zergling x2  
  27  2:44  Zergling x2  
  29  2:54  Zergling x4  
  31  3:01  Zergling x2  
  31  3:03  Zergling x4  
  31  3:04  Zergling x2  
  35  3:06  Zergling x2  
  35  3:14  Zergling x2  
  35  3:19  Zergling x2  
  32  3:23  Zergling x2  
  31  3:27  Zergling x2  
Show
View Real Time Build Order
Export as new Build Order

ErzaScarllet Zerg 

Build Orders: Hatch First 

Get SALT Encoding   

  12  0:01  Drone  
  13  0:15  Overlord  
  13  0:17  Drone  
  14  0:33  Drone x2  
  16  0:37  Drone  
  17  0:54  Hatchery  
  17  0:56  Drone  
  17  0:59  Drone  
  18  1:10  Extractor  
  17  1:15  Spawning Pool  
  16  1:19  Drone  
  16  1:22  Drone  
  18  1:31  Drone  
  19  1:42  Overlord  
  19  2:02  Queen  
  19  2:03  Zergling x2  
  19  2:04  Zergling x2  
  19  2:05  Queen  
  25  2:10  Metabolic Boost  
  25  2:14  Zergling x2  
  26  2:17  Zergling x2  
  26  2:21  Zergling x2  
  28  2:31  Baneling Nest  
  28  2:32  Zergling x2  
  28  2:46  Spine Crawler  
  27  2:52  Queen  
  27  2:56  Zergling x2  
  30  3:03  Zergling x4  
  32  3:14  Zergling x2  
  32  3:15  Zergling x2  
  32  3:19  Zergling x4  
  29  3:24  Zergling x2  
  24  3:27  Zergling x2  
  24  3:31  Zergling x2  
Tags
 
Add a new tag
Caveats
  • Supply blocks, unpowered buildings, or Contaminate may cause inaccurate times.
  • Supply counts are checked every 10 seconds.